 Dungeon Crawl Stone Soup version 0.30-a0-394-g3e4acdb0ae (webtiles) character file.

Game seed: 17201676122137281590

534 ytrimaz the Ducker (level 7, 0/49 HPs)
             Began as a Djinni Gladiator on Dec 6, 2022.
             Slain by an ogre
             ... wielding a +0 giant club
              (26 damage)
             ... on level 4 of the Dungeon.
             The game lasted 00:03:24 (3043 turns).

ytrimaz the Ducker (Djinni Gladiator)               Turns: 3043, Time: 00:03:25

Health: 0/49       AC: 11    Str: 13    XL:     7   Next: 50%
Gold:   162        EV: 14    Int: 12    God:
                   SH:  0    Dex: 14

rFire   + + .      SeeInvis .    p - +10 short sword "Heurghittesu" {protect, Will+ MP+9}
rCold   x . .      Faith    .    (no shield)
rNeg    . . .      Spirit   .    b - +0 leather armour
rPois   ∞          Reflect  .    c - +0 helmet
rElec   .          Harm     .    (no cloak)
rCorr   .          Rampage  .    (no gloves)
Will    +....                    (boots unavailable)
Stlth   +.........               (no amulet)
HPRegen 0.28/turn                (no ring)
MPRegen 0.00/turn                (no ring)

@: under a protective aura, flying, very slightly contaminated
A: sickness immunity, fire resistance 2, cold vulnerability 1, float, innate
caster, HP casting, extra vitality 1
a: no special abilities


You were on level 4 of the Dungeon.
You visited 1 branch of the dungeon, and saw 4 of its levels.

You collected 162 gold pieces.


Innate Abilities, Weirdness & Mutations

You are immune to sickness and miasma.
You are immune to poison.
Your flesh is very heat resistant. (rF++)
You are vulnerable to cold. (rC-)
You float through the air rather than walking.
You learn spells naturally, not from books.
Your magical power is your life essence.
You have superior vitality. (+4 MHP)


   Skills:
 - Level 2.0 Fighting
 + Level 5.5 Long Blades
 - Level 1.5 Throwing
 + Level 6.6 Dodging


You couldn't memorise any spells.
You knew the following spells:

 Your Spells              Type           Power      Damage    Failure   Level
a - Magic Dart            Conj           0%         1d3       38%         1
b - Wereblood             Tmut           0%         N/A       54%         2
c - Vampiric Draining     Necr           0%         2d6       77%         3
Your spell library was empty.

Inventory:

Hand Weapons
 a - a +1 long sword of protection
 p - the +10 short sword "Heurghittesu" (weapon) {protect, Will+ MP+9}
   (You found it on level 2 of the Dungeon)

   It grants its wielder temporary protection when it strikes (+7 to AC).
   MP:        It affects your magic capacity (+9).
   Will:      It increases your willpower.
Missiles
 d - 3 throwing nets
 e - a javelin
Armour
 b - a +0 leather armour (worn)
 c - a +0 helmet (worn)
Wands
 s - a wand of paralysis (9)
   (You took it off Ijyb on level 3 of the Dungeon)
Scrolls
 o - a scroll of butterflies
 q - a scroll of poison {unknown}
 t - 2 scrolls of teleportation
 v - a scroll of magic mapping {unknown}
Potions
 f - 2 potions of cancellation {unknown}
 g - 2 potions of might {unknown}
 h - 3 potions of curing {unknown}
 i - 4 potions of flight
 j - 3 potions of lignification {unknown}
 k - 2 potions of mutation {unknown}
 l - a potion of attraction {unknown}
 m - a potion of degeneration {unknown}
 n - a potion of heal wounds {unknown}
 r - a potion of haste {unknown}
 u - a potion of brilliance {unknown}

Dungeon Overview and Level Annotations

Branches:
Dungeon (4/15) Zot: 20951
 Temple: D:4-7

Altars:
Okawaru
Ru

#..#. ###..#.#
....?..## #... ....
#...##..# #... ...#
#...###.#####.#
#....O@.......#
#..####.####### ..![
#.# [♣♣♣ #.#
♣.####.##########
♣...>...........##[#
♣.####.########.##.#
#.# #.##.# #.#
#.##.#


You could see an ogre.


Message History

Key pressed, stopping explore.
Things that are here:
a +0 robe; a +4 halberd; 😎 HP[+16]
Your hp is fully restored (49).
Unknown command.
Things that are here:
a +4 halberd; a +0 robe You now have 162 gold pieces (gained 7).
Key pressed, stopping explore.
An ogre comes into view. It is wielding a +0 giant club.
An ogre is nearby!
An ogre is nearby!
An ogre is nearby!
The ogre shouts!
A hobgoblin comes into view.
Casting: Wereblood (dangerous; 54% risk of failure)
Press: ? - help, Q - select action, (/) - cycle Dir - look around, f - activate Your blood is infused with primal strength. 😕 HP[-2]
You take 2 damage, and now have 47/49 hp.
Unknown command.
Unknown command.
The ogre closely misses you. 😕 HP[+1]
You hit the ogre.
Your weapon exudes an aura of protection.
You puncture the ogre! The ogre misses you.
You puncture the ogre! The ogre closely misses you.
Unknown command.
You puncture the ogre!
You feel a bit better.
You kill the ogre! 😎 HP[+1]
Your hp is fully restored (49).
You puncture the hobgoblin!
You kill the hobgoblin!
You howl as the wereblood boils in your veins!
h - 3 red potions (gained 1)
Things that are here:
a +0 giant club; an ogre corpse No target in view!
Unknown command.
You howl as the wereblood boils in your veins!
No target in view!
You howl as the wereblood boils in your veins!
Your primal bloodlust is almost over.
You howl as the wereblood boils in your veins!
You howl as the wereblood boils in your veins!
You howl as the wereblood boils in your veins!
Your primal bloodlust has ended.
Key pressed, stopping explore.
Found a stone staircase leading down.
An adder comes into view.
An adder is nearby!
An adder is nearby!
An adder comes into view.
The adder hisses angrily. x2
The adder bites you but does no damage.
You closely miss the adder. The adder closely misses you.
You puncture the adder!
Your weapon exudes an aura of protection.
You kill the adder!
The adder closely misses you. The adder closely misses you.
Unknown command.
You miss the adder. The adder completely misses you.
You hit the adder.
Your weapon exudes an aura of protection.
The adder closely misses you.
You closely miss the adder. The adder barely misses you.
Unknown command.
You hit the adder. The adder barely misses you.
You hit the adder. The adder bites you but does no damage.
You puncture the adder!
You kill the adder!
Unknown command.
No target in view!
An ogre comes into view. It is wielding a +0 giant club.
Unknown command.
An ogre is nearby!
An ogre is nearby!
An ogre is nearby!
The ogre shouts!
Casting: Wereblood (dangerous; 54% risk of failure)
Press: ? - help, Q - select action, (/) - cycle Dir - look around, f - activate You miscast Wereblood.
You are very lightly contaminated with residual magic.
Nothing appears to happen. 😕 HP[-2]
You take 2 damage, and now have 47/49 hp.
You puncture the ogre!
Your weapon exudes an aura of protection.
The ogre hits you with a +0 giant club!! 😮 HP[-22]
You take 22 damage, and now have 25/49 hp.
MASSIVE DAMAGE!! (PAUSE)
You barely miss the ogre. You hit the ogre.
The ogre hits you with a +0 giant club!!
Ouch! That really hurt!
You die...

Skill      XL: |  1  2  3  4  5  6 |
---------------+-------------------+-----
Long Blades    | 3 4 5 |  5.5
Dodging        | 4 5 6 |  6.6
Fighting       | |  2.0
Throwing       | |  1.5

Action                   |  1- 3 |  4- 6 |  7- 9 || total
-------------------------+-------+-------+-------++-------
Melee: Long sword        |    72 |    21 |       ||    93
       Short sword       |       |   105 |    25 ||   130
       Punch             |       |     2 |       ||     2
 Cast: Wereblood         |       |       |     1 ||     1
  Use: Scroll            |     3 |     6 |       ||     9
 Stab: Sleeping          |     1 |     2 |       ||     3
Armor: Leather armour    |    22 |    49 |     2 ||    73
Dodge: Dodged            |    44 |    91 |    15 ||   150

Levels and vault maps discovered:
D:1:      lemuel_arrival_hallway, layout_basic, minmay_misc_feat_alley
D:2:      layout_loops_ring, shapermc_ecumenical_altar_venn
D:3:      minmay_bubble_buster, layout_basic, okawaru_metal_pillars_1_2,
          mainiacjoe_overflow_small_starburst, uniq_ijyb, uniq_robin
D:4:      layout_loops_ring, temple_green, minmay_stone_trees_small

Notes
Turn   | Place    | Note
-------+----------+-------------------------------------------
     0 | D:1      | ytrimaz the Djinni Gladiator began the quest for the Orb.
     0 | D:1      | Reached XP level 1. HP: 18/18 MP: 0/0
     0 | D:1      | magus.rc [v1.9.6]
   176 | D:1      | Reached XP level 2. HP: 23/23 MP: 0/0
   361 | D:1      | Reached skill level 3 in Long Blades
   734 | D:2      | Reached XP level 3. HP: 28/28 MP: 0/0
   734 | D:2      | Learned a level 1 spell: Magic Dart
   769 | D:2      | Reached skill level 4 in Dodging
   986 | D:2      | Reached XP level 4. HP: 31/33 MP: 0/0
  1095 | D:2      | Identified the +10 short sword "Heurghittesu" {protect,
                  | Will+ MP+9}
  1142 | D:2      | Found a faded altar of an unknown god.
  1747 | D:3      | Found an iron altar of Okawaru.
  1940 | D:3      | Noticed Robin
  1963 | D:3      | Reached XP level 5. HP: 37/38 MP: 0/0
  1963 | D:3      | Learned a level 2 spell: Wereblood
  1965 | D:3      | Killed Robin
  1966 | D:3      | Reached skill level 4 in Long Blades
  2050 | D:3      | Found a sacrificial altar of Ru.
  2157 | D:3      | Noticed Ijyb
  2167 | D:3      | Killed Ijyb
  2168 | D:3      | Reached skill level 5 in Dodging
  2585 | D:4      | Reached XP level 6. HP: 39/43 MP: 0/0
  2598 | D:3      | HP: 8/43 [wight/+3 long sword of freezing (3)]
  2875 | D:4      | Reached skill level 5 in Long Blades
  2875 | D:4      | Reached skill level 6 in Dodging
  2875 | D:4      | Reached XP level 7. HP: 49/49 MP: 0/0
  2875 | D:4      | Learned a level 3 spell: Vampiric Draining
  3043 | D:4      | Slain by an ogre

Vanquished Creatures
  An ogre (D:4)
  5 wights
  Ijyb (D:3)
  Robin (D:3)
  6 adders
  4 worms
  3 dart slugs
  4 orcs (D:3)
  7 ball pythons
  5 endoplasms
  3 giant cockroaches
  15 goblins
  7 hobgoblins
  4 kobolds
  4 quokkas
  4 bats
  2 frilled lizards (D:3)
  7 rats
83 creatures vanquished.

Table legend:
 A = Non-vault XP
 B = Vault XP
 C = Vault XP percentage of total XP
 D = Non-vault monster count
 E = Vault monster count
 F = Vault count percentage of total count
                 A         B        C        D         E       F
            +---------+---------+-------+---------+---------+-------
      Total |     655 |     109 |  14.3 |      59 |      24 |  28.9
            +---------+---------+-------+---------+---------+-------
        D:1 |      28 |       0 |   0.0 |      16 |       0 |   0.0
        D:2 |      89 |       0 |   0.0 |      27 |       0 |   0.0
        D:3 |      92 |     109 |  54.2 |       8 |      24 |  75.0
        D:4 |     446 |       0 |   0.0 |       8 |       0 |   0.0
            +---------+---------+-------+---------+---------+-------

Illustrated notes

Table legend:
 A = Kills in this place as a percentage of kills in entire the game.
 B = Kills by you in this place as a percentage of kills by you in the entire game.
 C = Kills by friends in this place as a percentage of kills by friends in the entire game.
 D = Other kills in this place as a percentage of other kills in the entire game.
 E = Experience gained in this place as a percentage of experience gained in the entire game.
 F = Experience gained in this place divided by the number of levels of this place that you have seen.
                   A       B       C       D       E      F
               +-------+-------+-------+-------+-------+----------------------
         Total | 100.0 | 100.0 |   N/A |   N/A | 100.0 | 191.0
       Dungeon | 100.0 | 100.0 |   N/A |   N/A | 100.0 | 191.0
               +-------+-------+-------+-------+-------+----------------------

Table legend: (Time is in decaauts)
 A = Elapsed time spent in this place.
 B = Non-inter-level travel time spent in this place.
 C = Inter-level travel time spent in this place.
 D = Time resting spent in this place.
 E = Time spent auto-exploring this place.
 F = Levels seen in this place.
 G = Mean time per level.
                   A        B        C        D        E       F      G
               +--------+--------+--------+--------+--------+-----+--------+
         Total |   3047 |   2935 |    112 |    286 |   2093 |   4 |  761.8 |
       Dungeon |   3047 |   2935 |    112 |    286 |   2093 |   4 |  761.8 |
               +--------+--------+--------+--------+--------+-----+--------+

Top non-repeatable levels by time:
     D:3: 1220 daAuts
     D:2: 894 daAuts
     D:1: 735 daAuts
     D:4: 196 daAuts
